 Dungeon Crawl Stone Soup version 0.25-a0-949-gdd2af9e06e (webtiles) character file.

Game seed: 16508373040126970155, levelgen mode: deterministic

7261 Maedhros the Martial Artist (level 11, -2/75 HPs)
             Began as an Octopode Artificer on May 8, 2020.
             Was a Priest of Cheibriados.
             Slain by a yak (7 damage)
             ... on level 10 of the Dungeon.
             The game lasted 00:30:15 (5306 turns).

Maedhros the Martial Artist (Octopode Artificer)    Turns: 5306, Time: 00:30:16

Health: -2/75      AC:  4    Str: 17    XL:     11   Next: 12%
Magic:  0/16       EV: 22    Int: 20    God:    Cheibriados [***...]
Gold:   87         SH:  0    Dex: 34    Spells: 8/10 levels left

rFire    . . .     SeeInvis .     - Unarmed
rCold    . . .     Gourm    .   (no shield)
rNeg     . . .     Faith    .   (helmet restricted)
rPois    +         Spirit   .   (no amulet)
rElec    .         Reflect  .   l - +3 ring of protection
rCorr    .         Harm     .   t - +6 ring of dexterity
MR       +....                  a - ring of poison resistance
Stlth    +++++.....             L - +4 ring of dexterity
HPRegen  0.22/turn              (no ring)
MPRegen  0.15/turn              (no ring)
                                (no ring)
                                (no ring)

@: lethally poisoned (-2 -> -2), very slow
A: almost no armour, stealthy swim, amphibious, 8 rings, constrict 8, camouflage
1, dopey 1, magic resistance 1, weak 1, gelatinous body 1, MP-powered wands
a: Bend Time, Temporal Distortion, Renounce Religion


You were on level 10 of the Dungeon.
You worshipped Cheibriados.
Cheibriados was most pleased with you.
You were not hungry.

You visited 2 branches of the dungeon, and saw 11 of its levels.

You collected 604 gold pieces.
You spent 517 gold pieces at shops.

Inventory:

Hand Weapons
 i - a +1 spear of venom
 p - a +0 rapier
 B - a +5 hunting sling
Missiles
 h - 24 poisoned darts (quivered)
 D - 93 stones
 I - a throwing net
 J - 16 arrows
 K - 3 curare-tipped darts
Jewellery
 a - a ring of poison resistance (on tentacle)
 l - a +3 ring of protection (left tentacle)
 t - a +6 ring of dexterity (right tentacle)
 L - a +4 ring of dexterity (on tentacle)
Wands
 b - a wand of flame (22)
 j - a wand of polymorph (7)
 o - a wand of digging (4)
 F - a wand of iceblast (2)
 G - a wand of disintegration (8)
Scrolls
 d - 3 scrolls of teleportation
 g - 2 scrolls of amnesia
 m - 4 scrolls of remove curse
 n - a scroll of magic mapping
 q - a scroll of immolation
Potions
 f - a potion of cancellation
 s - a potion of mutation
 v - 3 potions of curing
 A - 2 potions of lignification {unknown}
 E - 2 potions of brilliance
 H - 3 potions of ambrosia
Comestibles
 c - a chunk of flesh
 x - 14 rations


   Skills:
 + Level 7.0 Fighting
 - Level 1.0 Short Blades
 + Level 7.3 Dodging
 - Level 4.0 Stealth
 - Level 10.0 Unarmed Combat
 * Level 5.6 Transmutations
 * Level 7.2 Invocations
 - Level 3.2 Evocations


You had 8 spell levels left.
You knew the following spells:

 Your Spells              Type           Power        Failure   Level  Hunger
a - Sticks to Snakes      Tmut           ###.....     3%          2    ###....

Your spell library contained the following spells:

 Spells                   Type           Power        Failure   Level  Hunger
 Beastly Appendage        Tmut           ###...       1%          1    ##.....
 Spider Form              Tmut/Pois      ##........   19%         3    ####...
 Blade Hands              Tmut           ###.......   47%         5    ######.
 Ice Form                 Ice/Tmut       ##......     52%         4    #####..


Dungeon Overview and Level Annotations

Branches:
Dungeon (10/15)            Temple (1/1) D:4             Orc (0/2) D:9
   Lair: D:8-11

Altars:
Ashenzari
Cheibriados
Elyvilon
Fedhas
Gozag
Hepliaklqana
Kikubaaqudgha
Makhleb
Okawaru
Ru
Sif Muna
Uskayaw
Vehumet
Wu Jian
Xom
Yredelemnul
Zin
The Shining One
Beogh

Shops:
D:5 =   D:9 *

Annotations:
D:4 Pikel
D:7 Joseph
D:8 1 runed translucent door, syranez's ghost, novice OpCK


Innate Abilities, Weirdness & Mutations

You cannot wear most types of armour.
You are very stealthy in the water. (Stealth+)
You are amphibious.
You can wear up to eight rings at the same time.
You can use your tentacles to constrict eight enemies at once.
Your skin changes colour to match your surroundings (Stealth+).
Your rubbery body absorbs attacks. (AC +1, EV +1)
You are dopey. (Int -2)
You are resistant to hostile enchantments. (MR+)
You are weak. (Str -2)
You expend magic power (3 MP) to strengthen your wands.


Message History

You fail to use your ability.
You feel sick. The yak misses you. x2
You can feel time thicken for a moment.
You kill the yak!
Cheibriados appreciates the change of pace.
Your Invocations skill increases to level 7!
You kill the yak!
Cheibriados thoroughly appreciates the change of pace.
You feel somewhat more hungry.
Cheibriados lowers the support of your attributes as your movement quickens.
Unknown command.
Unknown command.
You can feel time thicken for a moment.
You kill the yak!
Cheibriados thoroughly appreciates the change of pace.
Your Fighting skill increases to level 7!
You feel somewhat more hungry.
You can no longer inflict damage on those overly hasty.
Cheibriados lowers the support of your attributes as your movement quickens.
The yak gores you!
You die...

##'###**,,,,,,,,,,,,,,,****** *,*
.....##************++#***,,,***,*
......##**#########..# ***,,**,*
......%##...#........## **,,,,*
.......'..#*#.........# ****,,
.......#### #......#*,***## *,*
###†#### **#'##,,,,*,..#* *,*
##.# #†Y#,*,,*..#,* *,* #..#
##@#,,,,#....* *,* ##'####
#.#,,,.....,* *,* ......#
####'####.#.###** *,* ......#####
#..............,* *,,
......'...###.....))..#..,,,* **,
......###..##......#..#,,*,,****,
......# ##..#.........#,,,,,,,,,,
......# ##.'.[......##*********,
.(....# ###.....#### *,


You could see a yak.

Vanquished Creatures
  Erica (D:8)
  A queen bee (D:8)
  3 trolls
  A hippogriff (D:8)
  8 yaks
  Eustachio (D:6)
  A howler monkey (D:7)
  The ghost of Turtleman12345 the Bolt Thrower, an amateur KoHu (D:3)
  2 black bears
  8 orc warriors (D:9)
  7 killer bees (D:8)
  A necrophage (D:9)
  An ice beast (D:7)
  6 ogres
  3 centaurs
  2 big kobolds (D:9)
  4 bullfrogs
  2 gnoll sergeants
  4 wights (D:7)
  A crimson imp (D:5)
  5 orc wizards
  3 hounds
  6 gnolls (D:8)
  4 orc priests
  3 jellies
  Ijyb (D:3)
  A bullfrog skeleton (D:5)
  A centaur skeleton (D:4)
  4 worker ants
  Terence (D:2)
  2 hound skeletons
  Robin (D:4)
  A howler monkey zombie (D:9)
  3 adders (D:3)
  A shadow imp (D:6)
  A white imp (D:6)
  A worm (D:3)
  2 dart slugs
  5 leopard geckos
  35 orcs
  4 giant cockroaches
  19 goblins
  8 hobgoblins
  4 jackals (D:1)
  10 kobolds
  4 quokkas
  4 bats
  3 frilled lizards
  A giant cockroach zombie (D:5)
  A jackal zombie (D:8)
  A quokka skeleton (D:5)
  7 rats
205 creatures vanquished.

Vanquished Creatures (collateral kills)
  An orc warrior (D:9)
  3 killer bees (D:8)
  2 howler monkeys (D:7)
  An orc priest (D:9)
  An orc wizard (D:9)
  A worker ant (D:6)
  An adder (D:7)
  2 orcs (D:9)
12 creatures vanquished.

Vanquished Creatures (others)
  An orc warrior (D:9)
  A centaur (D:7)
  An ogre (D:9)
  5 killer bees (D:8)
  8 toadstools (D:8)
16 creatures vanquished.

Grand Total: 233 creatures vanquished

Notes
Turn   | Place    | Note
-------+----------+-------------------------------------------
     0 | D:1      | Maedhros the Octopode Artificer began the quest for the
                  | Orb.
     0 | D:1      | Reached XP level 1. HP: 13/13 MP: 3/3
    91 | D:3      | Found a white marble altar of Elyvilon.
    91 | D:3      | Noticed an orc wizard
    92 | D:3      | Noticed an orc priest
   128 | D:4      | Reached XP level 2. HP: 18/18 MP: 4/4
   128 | D:4      | Reached XP level 3. HP: 23/23 MP: 5/5
   181 | D:5      | Entered Level 5 of the Dungeon
   226 | D:5      | Noticed a phantom
   240 | D:6      | Reached skill level 1 in Unarmed Combat
   270 | D:7      | Found a hazy altar of Hepliaklqana.
   270 | D:7      | Found a glowing golden altar of the Shining One.
   301 | D:7      | Found an ancient bone altar of Kikubaaqudgha.
   355 | D:7      | Noticed a centaur
   392 | D:7      | Reached skill level 2 in Unarmed Combat
   392 | D:7      | Reached XP level 4. HP: 4/28 MP: 6/6
   430 | D:7      | Noticed a bullfrog
   435 | D:7      | Killed a bullfrog
   435 | D:7      | Reached skill level 4 in Unarmed Combat
   435 | D:7      | Reached XP level 5. HP: 33/33 MP: 7/7
   512 | D:6      | Noticed Grinder
   512 | D:6      | Noticed Eustachio
   515 | D:6      | Noticed Grinder
   515 | D:6      | Grinder changed into Grinder the white imp
   519 | D:6      | Killed Grinder the white imp
   533 | D:6      | Killed Eustachio
   533 | D:6      | Reached skill level 5 in Unarmed Combat
   533 | D:6      | Reached XP level 6. HP: 32/38 MP: 8/8
   649 | D:6      | Reached skill level 6 in Unarmed Combat
   649 | D:6      | Reached XP level 7. HP: 24/43 MP: 9/9
   701 | D:6      | HP: 2/43 [poisoned by a worker ant]
   709 | D:6      | HP: 1/43 [poisoned by a worker ant]
   919 | D:7      | Found a sacrificial altar of Ru.
   925 | D:7      | Noticed Joseph
  1062 | D:7      | Reached skill level 7 in Unarmed Combat
  1467 | D:5      | Reached skill level 8 in Unarmed Combat
  1596 | D:5      | Found Bolesm's Jewellery Boutique.
  1756 | D:4      | Reached XP level 8. HP: 31/48 MP: 10/10
  1785 | D:4      | Found a staircase to the Ecumenical Temple.
  1791 | D:4      | Noticed Pikel
  1806 | Temple   | Entered the Ecumenical Temple
  1990 | Temple   | Became a worshipper of Xom of Chaos
  2016 | Temple   | Fell from the grace of Xom
  2016 | Temple   | Became a worshipper of Cheibriados the Contemplative
  2159 | D:2      | Noticed Terence
  2169 | D:2      | Killed Terence
  2478 | D:1      | Reached * piety under Cheibriados
  2799 | D:3      | Noticed Ijyb
  2821 | D:3      | Killed Ijyb
  2843 | D:3      | Found a runed translucent door.
  2849 | D:3      | Noticed Turtleman12345's ghost (amateur KoHu)
  2863 | D:3      | Killed Turtleman12345's ghost
  2902 | D:3      | Reached ** piety under Cheibriados
  3153 | D:4      | Noticed Robin
  3180 | D:4      | Killed Robin
  3405 | D:7      | XOM: divination: detect creatures
  3525 | D:8      | Noticed Erica
  3533 | D:8      | Gained mutation: You are dopey. (Int -2) [potion of
                  | mutation]
  3533 | D:8      | Gained mutation: You are resistant to hostile enchantments.
                  | (MR+) [potion of mutation]
  3533 | D:8      | Gained mutation: You expend magic power (3 MP) to
                  | strengthen your wands. [potion of mutation]
  3537 | D:8      | Killed Erica
  3537 | D:8      | Reached skill level 5 in Dodging
  3537 | D:8      | Reached skill level 9 in Unarmed Combat
  3537 | D:8      | Reached XP level 9. HP: 23/59 MP: 11/11
  3638 | D:5      | Bought an uncursed ring of poison resistance for 220 gold
                  | pieces
  3643 | D:5      | XOM: god gift: potion of cancellation
  3785 | D:8      | Reached skill level 5 in Fighting
  3823 | D:8      | Reached *** piety under Cheibriados
  3832 | D:8      | XOM: 1-stop teleportation journey
  3852 | D:8      | Reached skill level 1 in Invocations
  3853 | D:8      | Noticed a queen bee
  3975 | D:8      | Killed a queen bee
  4026 | D:8      | XOM: 1-stop teleportation journey
  4120 | D:8      | Found a runed translucent door.
  4120 | D:8      | Noticed syranez's ghost (novice OpCK)
  4188 | D:8      | Learned a level 2 spell: Sticks to Snakes
  4257 | D:8      | Reached skill level 10 in Unarmed Combat
  4257 | D:8      | Reached skill level 1 in Transmutations
  4257 | D:8      | Reached XP level 10. HP: 57/68 MP: 12/12
  4393 | D:9      | Reached **** piety under Cheibriados
  4647 | D:9      | Reached skill level 5 in Invocations
  4767 | D:9      | Found a roughly hewn altar of Beogh.
  4769 | D:9      | Reached ***** piety under Cheibriados
  4780 | D:9      | XOM: chaos upgrade
  4870 | D:5      | XOM: give mutation
  4870 | D:5      | Gained mutation: You are weak. (Str -2) [Xom's mischief]
  4898 | D:5      | Bought a +4 ring of dexterity for 297 gold pieces
  5075 | D:9      | Killed a troll
  5095 | D:9      | Found a staircase to the Orcish Mines.
  5097 | D:9      | Reached skill level 5 in Transmutations
  5145 | D:9      | Found Ezozoss's General Store.
  5166 | D:10     | Entered Level 10 of the Dungeon
  5212 | D:10     | Reached XP level 11. HP: 46/74 MP: 8/16
  5306 | D:10     | Slain by a yak

Levels and vault maps discovered:
D:1:      dpeg_arrival_castle, layout_basic, serial_rivers,
          chequers_serial_rivers_room_b, chequers_serial_rivers_micro_c,
          chequers_serial_rivers_micro_a, chequers_serial_rivers_marsh
D:2:      layout_basic, overflow_temple_1_default, uniq_terence
D:3:      kennysheep_the_goblin_king, layout_basic, lemuel_round_altar,
          nicolae_overflow_hidden_temple, ebering_ghost_reflecting_pool,
          trog_eyes_of_draining
D:4:      layout_basic, minmay_temple_entry_waves, serial_shops, shop,
          uniq_robin, uniq_pikel
D:5:      layout_loops_ring, first_ration, serial_shops, nicolae_shop_trees
D:6:      layout_loops_cross, skrybe_limestone_x, uniq_maggie, uniq_grinder,
          uniq_eustachio
D:7:      layout_layer_cave, kiku_gazebo_pond_becter, hangedman_ru_absence,
          grunt_temple_overflow_open, uniq_joseph, uniq_crazy_yiuf_cottage
D:8:      cheibrodos_fertilizer, layout_basic, ebering_ghost_inner_flame,
          david_nohive_1, minmay_fractal_squares_gapless_5, uniq_erica
D:9:      layout_roguey [special_room_orc],
          kennysheep_orc_monster_closet_entryway, serial_shops, shop
D:10:     layout_roguey, serial_shops, shop, shop,
          hangedman_abyss_or_decor_passed, st_stairs_10,
          hangedman_corner_corridor
Temple:   minmay_temple_curvy_branch

Skill      XL: |  1  2  3  4  5  6  7  8  9 10 11 |
---------------+----------------------------------+-----
Stealth        | 4 |  4.0
Unarmed Combat | 2 4 5 6 8 9 10 | 10.0
Fighting       | 4 5 6 7 |  7.0
Dodging        | 5 6 7 |  7.3
Invocations    | 3 6 7 |  7.2
Transmutations | 1 5 |  5.6
Short Blades   | |  1.0
Evocations     | |  3.2

Action                   |  1- 3 |  4- 6 |  7- 9 | 10-12 || total
-------------------------+-------+-------+-------+-------++-------
Melee: Short sword       |    12 |     9 |       |       ||    21
       Tentacles         |     3 |     8 |    45 |    46 ||   102
       Constrict         |     2 |     5 |    61 |    26 ||    94
       Punch             |       |     1 |    20 |    26 ||    47
       Spear             |       |    16 |    20 |       ||    36
       Unarmed           |       |       |   207 |   130 ||   337
Throw: Dart              |       |       |    10 |     2 ||    12
 Cast: Sticks to Snakes  |       |       |       |     4 ||     4
Invok: Slouch            |       |       |       |     4 ||     4
Evoke: Wand              |     8 |     7 |    32 |    19 ||    66
  Use: Potion            |       |     1 |     4 |     1 ||     6
       Scroll            |       |     2 |     3 |    14 ||    19
 Stab: Sleeping          |       |     3 |    17 |     5 ||    25
       Distracted        |       |       |     1 |     2 ||     3
  Eat: Ration            |       |       |     1 |       ||     1
       Chunk             |       |       |     5 |     3 ||     8
Armor: Skin              |     1 |     2 |    27 |     8 ||    38
Dodge: Dodged            |     9 |    14 |   136 |    78 ||   237

Table legend:
 A = Non-vault XP
 B = Vault XP
 C = Vault XP percentage of total XP
 D = Non-vault monster count
 E = Vault monster count
 F = Vault count percentage of total count
                 A         B        C        D         E       F
            +---------+---------+-------+---------+---------+-------
      Total |    5839 |    4535 |  43.7 |     138 |      81 |  37.0
            +---------+---------+-------+---------+---------+-------
        D:1 |      38 |       0 |   0.0 |      22 |       0 |   0.0
        D:2 |      18 |      32 |  64.0 |       9 |       1 |  10.0
        D:3 |     182 |     207 |  53.2 |      17 |       8 |  32.0
        D:4 |     124 |      37 |  23.0 |       6 |      13 |  68.4
        D:5 |     325 |       0 |   0.0 |      10 |       0 |   0.0
        D:6 |     264 |     206 |  43.8 |       7 |       2 |  22.2
        D:7 |     696 |       0 |   0.0 |      13 |       0 |   0.0
        D:8 |     852 |    1777 |  67.6 |      17 |      12 |  41.4
        D:9 |    2144 |    2193 |  50.6 |      27 |      44 |  62.0
       D:10 |    1196 |      83 |   6.5 |      10 |       1 |   9.1
            +---------+---------+-------+---------+---------+-------
